 Dungeon Crawl Stone Soup version 0.31.0-1-g2c135a008e (webtiles) character file.

Game seed: 3293721031175571615

91 qw the Shooter (level 4, -4/35 HPs)
             Began as a Djinni Hunter on Jan 23, 2024.
             Slain by Terence
             ... wielding a +0 mace
              (5 damage)
             ... on level 2 of the Dungeon.
             The game lasted 00:00:07 (2025 turns).

qw the Shooter (Djinni Hunter)                      Turns: 2025, Time: 00:00:08

Health: -4/35      AC:  3    Str: 14    XL:     4   Next: 87%
Gold:   169        EV: 18    Int:  9    God:
                   SH:  0    Dex: 18

rFire   + + .        a - +0 shortbow
rCold   x . .        (shield currently unavailable)
rNeg    + . .        c - +0 leather armour
rPois   inf          (helmet restricted)
rElec   .            (no cloak)
rCorr   .            (no gloves)
SInv    .            (boots unavailable)
Will    +....        (no amulet)
Stlth   +            g - +5 ring of evasion
HPRegen 0.25/turn    e - ring "Weompeus" {+Blink rPois rN+ Will+ Stlth-}
MPRegen 0.00/turn

%: infuse magic (-5 HP)
@: about to teleport, flying
A: sickness immunity, fire resistance 2, cold vulnerability 1, float, innate
caster, HP casting, extra vitality 1, antennae 1, strong 1, wild magic 1
a: Evoke Blink


You were on level 2 of the Dungeon.
You visited 1 branch of the dungeon, and saw 3 of its levels.

You collected 169 gold pieces.


Innate Abilities, Weirdness & Mutations

You are immune to sickness and miasma.
You are immune to poison.
Your flesh is very heat resistant. (rF++)
You are vulnerable to cold. (rC-)
You float through the air rather than walking.
You learn spells naturally, not from books.
Your magical power is your life essence.
You have superior vitality. (+4 MHP)
You have a pair of small antennae on your head.
Your muscles are strong. (Str +4, Int/Dex -1)
Your spells are a little harder to cast, but a little more powerful.


   Skills:
 - Level 3.1 Fighting
 + Level 4.0 Ranged Weapons
 - Level 3.1 Dodging
 - Level 0.7 Stealth


You knew the following spells:

 Your Spells              Type           Power      Damage    Failure   Level
a - Sandblast             Erth           0%         2d4       54%         1
Your spell library was empty.

Inventory:

Hand Weapons
 a - a +0 shortbow (weapon)
Armour
 c - a +0 leather armour (worn)
Jewellery
 e - the ring "Weompeus" (right hand) {+Blink rPois rN+ Will+ Stlth-}
   (You acquired it on level 2 of the Dungeon)

   [ring of willpower]

   rPois:     It protects you from poison rN+: It protects you from negative
   energy.
   Will+:     It increases your willpower.
   +Blink:    It lets you blink.
   Stlth-:    It makes you less stealthy.
 g - a +5 ring of evasion (left hand)
Scrolls
 h - a scroll of teleportation
Potions
 d - 3 potions of curing
 j - a potion of enlightenment
 k - a potion of might
 l - a potion of haste

Dungeon Overview and Level Annotations

Branches:
Dungeon (3/15)

Altars:

Annotations:
D:2 Terence


Message History

There is a stone staircase leading down here.
You shoot an arrow. The arrow barely misses Terence.
The jackal bites you but does no damage.
Terence closely misses you. The jackal misses you.
Terence completely misses you.
You shoot an arrow. The arrow completely misses Terence.
The jackal bites you. Terence hits you with a +0 mace!
The jackal completely misses you.
You shoot an arrow. The arrow hits Terence.
Terence is moderately wounded.
The jackal closely misses you. Terence hits you with a +0 mace.
You shoot an arrow. The arrow closely misses Terence.
The jackal barely misses you. Terence closely misses you.
The jackal misses you.
You shoot an arrow.
The arrow hits Terence but does no damage.
Terence is moderately wounded.
The jackal closely misses you. Terence closely misses you.
The jackal misses you. Terence hits you with a +0 mace!
You shoot an arrow. The arrow hits Terence.
Terence is moderately wounded.
The jackal completely misses you. Terence closely misses you.
You shoot an arrow. The arrow closely misses Terence.
The jackal closely misses you. The jackal completely misses you.
Terence hits you with a +0 mace.
You shoot an arrow.
The arrow hits Terence but does no damage.
Terence is moderately wounded.
The jackal closely misses you. Terence hits you with a +0 mace.
The jackal closely misses you.
2023 ||| READING 2 scrolls of teleportation.
As you read the scroll of teleportation, it crumbles to dust.
You feel strangely unstable. Terence hits you with a +0 mace.
The jackal misses you.
You shoot an arrow. The arrow barely misses Terence.
The jackal closely misses you. Terence closely misses you.
The jackal misses you.
You shoot an arrow. The arrow barely misses Terence.
Terence misses you. The jackal bites you. Terence hits you with a +0 mace.
You die...
Terence says, "Rest in peace."

# #..#.###.#.#.##......#
#..#.# #.#.#.##......# #
#....# #.#.#.#####.### #
##.#.###.#.#.# ###.# #
#.#...#.#.#.# #...# #
#.......#.#.###.### #
###.#.###.#.#...#
#.#...#.#h@.### #.###....@###
########...?.#.###
...)......¤¤¤#.######
##############.#....#
...............#.##.#
################.##.#
#............##.#
#.#############.#############
#.# #..............


You could see Terence and a jackal.

Vanquished Creatures
  A hound (D:2)
  An adder (D:2)
  A ribbon worm (D:2)
  5 ball pythons
  2 endoplasms (D:1)
  4 giant cockroaches (D:2)
  9 goblins
  3 hobgoblins
  4 jackals (D:1)
  2 quokkas
  5 bats
  2 frilled lizards
  2 kobolds (D:2)
  6 rats (D:2)
47 creatures vanquished.

Notes
Turn   | Place    | Note
-------+----------+-------------------------------------------
     0 | D:1      | qw the Djinni Hunter began the quest for the Orb.
     0 | D:1      | Reached XP level 1. HP: 18/18 MP: 0/0
     0 | D:1      | 0 ||| qw: Version: 0.3-a-135-gb77e89d
     0 | D:1      | 0 ||| qw: Game counter: 942
     0 | D:1      | 0 ||| qw: Melee chars always use a shield: true
     0 | D:1      | 0 ||| qw: God list: Okawaru
     0 | D:1      | 0 ||| qw: Allow faded altars: false
     0 | D:1      | 0 ||| qw: Do Orc after clearing Dungeon:15 true
     0 | D:1      | 0 ||| qw: Do second Lair branch before Depths: true
     0 | D:1      | 0 ||| qw: Lair rune preference: random
     0 | D:1      | 0 ||| qw: Goals: Normal
     0 | D:1      | 0 ||| PLANNING D:1-11
   138 | D:1      | Reached XP level 2. HP: 23/23 MP: 0/0
   296 | D:1      | 296 ||| RETREEEEATING.
   315 | D:1      | Reached XP level 3. HP: 23/28 MP: 0/0
   315 | D:1      | Learned a level 1 spell: Sandblast
   417 | D:1      | Reached skill level 4 in Ranged Weapons
   439 | D:1      | You are sucked into a shaft and drop 1 floor!
   484 | D:2      | 484 ||| UPGRADING to +5 ring of evasion.
   485 | D:2      | 485 ||| READING scroll labelled RAK BOG PONE.
   485 | D:2      | Identified a scroll of acquirement
   485 | D:2      | 485 ||| ACQUIRING ring "Weompeus" {+Blink rPois rN+ Will+
                  | Stlth-}
   485 | D:2      | Acquired the ring "Weompeus" {+Blink rPois rN+ Will+
                  | Stlth-}
   487 | D:2      | 487 ||| UPGRADING to ring "Weompeus" {+Blink rPois rN+
                  | Will+ Stlth-}.
   488 | D:2      | 488 ||| READING 5 scrolls labelled GACOOTI OMYETO.
   488 | D:2      | 488 ||| IDENTIFYING 2 orange potions
   489 | D:2      | 489 ||| READING 4 scrolls of identify.
   489 | D:2      | 489 ||| IDENTIFYING 3 bubbling ruby potions
   490 | D:2      | 490 ||| DROPPING scroll of butterflies.
   491 | D:2      | 491 ||| DROPPING 2 potions of attraction.
  1692 | D:2      | Identified the +2 spear "Plojy" {heavy, ^Fragile rC+ Int+3}
  1696 | D:2      | Reached skill level 3 in Fighting
  1696 | D:2      | Reached XP level 4. HP: 35/35 MP: 0/0
  1931 | D:2      | 1931 ||| READING 4 scrolls of identify.
  1931 | D:2      | 1931 ||| IDENTIFYING emerald potion
  1932 | D:2      | 1932 ||| READING 3 scrolls of identify.
  1932 | D:2      | 1932 ||| IDENTIFYING fuming ruby potion
  1933 | D:2      | 1933 ||| READING 2 scrolls of identify.
  1933 | D:2      | 1933 ||| IDENTIFYING fuming brown potion
  1934 | D:2      | 1934 ||| READING scroll of identify.
  1934 | D:2      | 1934 ||| IDENTIFYING white potion
  1935 | D:2      | 1935 ||| DRINKING potion of mutation.
  1935 | D:2      | Gained mutation: You have a pair of small antennae on your
                  | head. [potion of mutation]
  1935 | D:2      | Gained mutation: Your muscles are strong. (Str +4, Int/Dex
                  | -1) [potion of mutation]
  1935 | D:2      | Gained mutation: Your spells are a little harder to cast,
                  | but a little more powerful. [potion of mutation]
  1936 | D:2      | 1936 ||| READING 3 scrolls labelled WOAF QIRAH.
  1937 | D:2      | 1937 ||| READING 3 scrolls labelled JUOGES BEDY.
  1941 | D:2      | 1941 ||| READING scroll labelled CYIPSOYGGER.
  1942 | D:2      | 1942 ||| DROPPING 2 scrolls of revelation.
  1952 | D:3      | 1952 ||| STAIRDANCE
  1954 | D:3      | Noticed Terence
  1957 | D:3      | 1957 ||| STAIRDANCE
  1963 | D:2      | Reached skill level 3 in Dodging
  2013 | D:3      | 2013 ||| STAIRDANCE
  2022 | D:2      | HP: 6/35 [Terence/+0 mace (6)]
  2023 | D:2      | 2023 ||| READING 2 scrolls of teleportation.
  2025 | D:2      | HP: 1/35 [jackal (2)]
  2025 | D:2      | Slain by Terence

Levels and vault maps discovered:
D:1:      minmay_arrival_jagged, layout_basic, corner_web_ring
D:2:      layout_basic, serial_forest, infiniplex_forest_straight_1,
          infiniplex_forest_straight_3, infiniplex_forest_lined_1,
          infiniplex_forest_lined_ring
D:3:      layout_basic, mainiacjoe_overflow_concentric_impassable, serial_shops,
          shop, uniq_ijyb, uniq_sigmund, uniq_terence

Skill      XL: |  1  2  3  4 |
---------------+-------------+-----
Ranged Weapons | 4 |  4.0
Fighting       | 3 |  3.1
Dodging        | 3 |  3.1
Stealth        | |  0.7

Action                     |  1- 3 |  4- 6 || total
---------------------------+-------+-------++-------
   Fire: Shortbow          |   106 |    28 ||   134
    Use: Scroll            |     3 |     8 ||    11
         Potion            |       |     1 ||     1
 Armour: Leather armour    |    26 |    25 ||    51
  Dodge: Dodged            |    43 |    46 ||    89

Table legend:
 A = Non-vault XP
 B = Vault XP
 C = Vault XP percentage of total XP
 D = Non-vault monster count
 E = Vault monster count
 F = Vault count percentage of total count
                 A         B        C        D         E       F
            +---------+---------+-------+---------+---------+-------
      Total |     130 |       0 |   0.0 |      47 |       0 |   0.0
            +---------+---------+-------+---------+---------+-------
        D:1 |      33 |       0 |   0.0 |      20 |       0 |   0.0
        D:2 |      96 |       0 |   0.0 |      26 |       0 |   0.0
        D:3 |       1 |       0 |   0.0 |       1 |       0 |   0.0
            +---------+---------+-------+---------+---------+-------
